 Dungeon Crawl Stone Soup version 0.30.1-4-g462c640d31 (webtiles) character file.

Game seed: 10459948782384316607

961 Babbit the Chopper (level 7, 0/61 HPs)
             Began as a Minotaur Fighter on Aug 22, 2023.
             Succumbed to a kobold brigand's curare-tipped dart
             ... on level 8 of the Dungeon.
             The game lasted 00:11:30 (3790 turns).

Babbit the Chopper (Minotaur Fighter)               Turns: 3790, Time: 00:11:31

Health: 0/61       AC: 13    Str: 22    XL:     7   Next: 92%
Magic:  6/6        EV:  6    Int:  5    God:
Gold:   360        SH:  4    Dex: 10    Spells: 6/6 levels left

rFire   . . .        a - +0 war axe
rCold   . . .        c - +0 buckler
rNeg    . . .        n - +0 plate armour
rPois   .            (helmet restricted)
rElec   .            (no cloak)
rCorr   .            (no gloves)
SInv    .            (no boots)
Will    +....        (no amulet) Stlth
                     b - ring of willpower
HPRegen 0.30/turn    (no ring)
MPRegen 0.10/turn

%: no passive effects
@: lethally poisoned (0 -> -2), spiked, slowed, very slow
A: horns 2, retaliatory headbutt
a: no special abilities


You were on level 8 of the Dungeon.
You visited 1 branch of the dungeon, and saw 6 of its levels.

You collected 360 gold pieces.

Inventory:

Hand Weapons
 a - a +0 war axe (weapon)
Missiles
 l - 6 boomerangs (quivered)
Armour
 c - a +0 buckler (worn)
 n - a +0 plate armour (worn)
Jewellery
 b - a ring of willpower (left hand)
Scrolls
 e - a scroll of amnesia
 h - 2 scrolls of identify
 i - a scroll of silence {unknown}
 j - a scroll of fear
 q - a scroll of brand weapon {unknown}
Potions
 d - 2 potions of might
 f - 6 potions of curing
 k - a potion of brilliance
 m - a potion of cancellation {unknown}
 o - a potion of degeneration {unknown}
 p - a potion of lignification {unknown}


   Skills:
 + Level 5.3 Fighting
 + Level 6.9 Axes
 + Level 3.1 Throwing
 + Level 6.7 Armour
 + Level 1.1 Dodging
 + Level 0.1 Stealth
 + Level 4.6 Shields


You had 6 spell levels left.
You didn't know any spells.
Your spell library contained the following spells:

 Spells                   Type           Power      Damage    Failure   Level
 Apportation              Tloc           0%         N/A       100%        1
 Leda's Liquefaction      Hex/Erth       0%         N/A       100%        4
 Alistair's Intoxication  Tmut/Pois      0%         N/A       100%        5
 Lee's Rapid Deconstruct  Erth           0%         3d4*      100%        5
 Statue Form              Tmut/Erth      0%         N/A       100%        6


Dungeon Overview and Level Annotations

Branches:
Dungeon (5/15)
 Temple: D:4-7

Altars:
Elyvilon

Shops:
D:1 [


Innate Abilities, Weirdness & Mutations

You have a pair of horns on your head.
You reflexively headbutt those who attack you in melee.


Message History

The kobold brigand throws a curare-tipped dart.
The curare-tipped dart hits you.
You are poisoned.
You have difficulty breathing.
You feel yourself slow down.
A gnoll sergeant comes into view. It is wielding a +0 spear.
Found 11 gold pieces.
You feel very sick.
The gnoll sergeant shouts!
The centaur shoots an arrow.
The arrow closely misses you. The kobold hits you with a +0 whip.
You closely miss the kobold.
You feel very sick. The kobold hits you but does no damage.
A gnoll sergeant comes into view. It is wielding a +0 trident.
As you read the scroll of fear, it crumbles to dust.
You assume a fearsome visage.
The centaur looks frightened!
The gnoll sergeant looks frightened! x2
The gnoll sergeant shouts!
The kobold brigand looks frightened!
The kobold looks frightened! x2
You feel very sick.
You hear an angry hiss.
The centaur begs, "Please don't kill me!"
A gargoyle comes into view. It is wielding a +0 mace.
You feel sick.
The centaur supplicates, "Please don't kill me!"
You hit the bush but do no damage.
You feel sick.
The manticore flicks its tail.
The volley of spikes hits you.
The barbed spikes become lodged in your body.
* * * LOW HITPOINT WARNING * * *
The kobold attempts to regain its composure.
The manticore flicks its tail.
The volley of spikes hits you!
The barbed spikes become lodged in your body.
* * * LOW HITPOINT WARNING * * *
The barbs in your skin will harm you if you move.
Continue?
Okay, then.
As you read the scroll labelled QEKKUNT VUNUHY, it crumbles to dust.
You feel aware of your surroundings.
It was a scroll of magic mapping.
You die...

*,,**,,,,,,*,,,,*,,,,,,,,,*+**
******....,*,,,,*,,..,,,,,*,,*
*♣...,*,,,,*,...,,,,,*,,*
♣....*,,,,+...K,,,,,****
*....######9...,,,,,,,,,
**P..........K.,,,,,,,,,
*♣............,*+**,,,,
**♣.P.......$,*,,*,,,,
♣♣♣♣♣♣@.......,*,>*,,,,
♣♣P............,****,,,,
♣♣.....~~~.~~...,,,,,,,,,
♣♣♣P.~~H~~≈~≈≈K~..~~~~~~~~~
♣....h######...~..,~,,*****
♣....~#.c..#......,,,,*,,,,
♣♣P..~#....#..##''**,,*,,,,
♣...~#....#..#,..,*,,*,,,,
♣♣...≈#....#*##,,,,****,,,,


You could see a manticore, a black bear (wandering), a gargoyle, a kobold
brigand (fleeing), a centaur and 2 kobolds.

Vanquished Creatures
  2 water moccasins
  3 black bears
  An ice beast (D:5)
  A scorpion (D:5)
  A howler monkey (D:5)
  A hound (D:5)
  A jelly (D:4)
  2 sleepcaps (D:5)
  An iguana (D:5)
  3 gnolls (D:5)
  4 adders
  An ufetubus (D:5)
  4 dart slugs
  8 orcs
  5 endoplasms
  2 giant cockroaches
  8 hobgoblins
  6 kobolds
  3 quokkas
  7 ball pythons
  4 bats
  3 frilled lizards
  5 goblins
  4 rats
80 creatures vanquished.

Notes
Turn   | Place    | Note
-------+----------+-------------------------------------------
     0 | D:1      | Babbit the Minotaur Fighter began the quest for the Orb.
     0 | D:1      | Reached XP level 1. HP: 19/19 MP: 0/0
    58 | D:1      | Found Peeherphi's Armour Shoppe.
   528 | D:1      | Reached XP level 2. HP: 27/27 MP: 1/1
   910 | D:2      | Reached XP level 3. HP: 32/33 MP: 2/2
  2078 | D:4      | Reached XP level 4. HP: 40/40 MP: 3/3
  2141 | D:4      | Noticed a black bear
  2153 | D:4      | Killed a black bear
  2154 | D:4      | Reached XP level 5. HP: 38/47 MP: 4/4
  2533 | D:4      | Noticed a water moccasin
  2548 | D:4      | Killed a water moccasin
  2549 | D:4      | Reached skill level 5 in Fighting
  2549 | D:4      | Reached skill level 5 in Axes
  2549 | D:4      | Reached skill level 5 in Armour
  2549 | D:4      | Reached skill level 1 in Dodging
  2549 | D:4      | Reached XP level 6. HP: 20/56 MP: 5/5
  2811 | D:5      | Entered Level 5 of the Dungeon
  2866 | D:5      | Reached skill level 1 in Throwing
  3024 | D:5      | Noticed a water moccasin
  3036 | D:5      | Killed a water moccasin
  3037 | D:5      | Reached XP level 7. HP: 15/61 MP: 6/6
  3574 | D:5      | You fall into a shaft and drop 3 floors!
  3585 | D:8      | Found a white marble altar of Elyvilon.
  3606 | D:8      | Noticed a yak
  3606 | D:8      | Noticed a yak
  3743 | D:8      | Noticed a manticore
  3747 | D:8      | Noticed a manticore
  3788 | D:8      | Noticed a gargoyle
  3789 | D:8      | HP: 1/61 [manticore/volley of spikes (13)]
  3790 | D:8      | Succumbed to a kobold brigand's curare-tipped dart

Illustrated notes

Levels and vault maps discovered:
D:1:      sevenhm_arrival_forest_fort_large_2, layout_rooms, serial_shops,
          nicolae_shop_tiny_waterfront
D:2:      minmay_skewed_foursquare, layout_basic
D:3:      layout_loops_ring
D:4:      layout_cave_pools
D:5:      layout_basic
D:8:      kennysheep_town, uniq_maurice

Skill      XL: |  1  2  3  4  5  6  7 |
---------------+----------------------+-----
Armour         | 4 5 6 |  6.7
Fighting       | 4 5 |  5.3
Shields        | 4 |  4.6
Axes           | 3 4 5 6 |  6.9
Dodging        | 1 |  1.1
Throwing       | 1 3 |  3.1
Stealth        | |  0.1

Action                     |  1- 3 |  4- 6 |  7- 9 || total
---------------------------+-------+-------+-------++-------
  Melee: War axe           |    81 |    59 |    39 ||   179
         Headbutt          |    15 |    10 |     9 ||    34
  Throw: Boomerang         |       |    14 |    11 ||    25
    Use: Scroll            |     5 |       |     3 ||     8
 Armour: Scale mail        |    26 |    10 |       ||    36
         Plate armour      |       |    30 |    39 ||    69
  Dodge: Dodged            |    37 |    28 |    18 ||    83
  Block: Buckler           |    25 |    17 |     5 ||    47
